 Dungeon Crawl Stone Soup version 0.27.1-33-g824d729ab1 (webtiles) character file.

Game seed: 550081007416103624

23 austinbyrn the Skirmisher (level 2, -1/19 HPs)
             Began as a Gargoyle Fighter on Dec 20, 2021.
             Slain by an adder (2 damage)
             ... on level 2 of the Dungeon.
             The game lasted 00:01:55 (1257 turns).

austinbyrn the Skirmisher (Gargoyle Fighter)        Turns: 1257, Time: 00:01:55

Health: -1/19      AC:  9    Str: 19    XL:     2   Next: 95%
Magic:  2/2        EV:  7    Int:  8    God:
Gold:   18         SH:  9    Dex:  9    Spells: 1/1 levels left

rFire    . . .     SeeInvis .   a - +0 flail
rCold    . . .     Faith    .   c - +0 kite shield
rNeg     + . .     Spirit   .   b - +0 scale mail
rPois    ∞         Reflect  .   (no helmet)
rElec    +         Harm     .   (no cloak)
rCorr    .         Rampage  .   (no gloves)
Will     .....                  (no boots)
Stlth    ..........             (no amulet)
HPRegen  0.06/turn              (no ring)
MPRegen  0.08/turn              (no ring)

@: brilliant
A: sickness immunity, AC +2, negative energy resistance 1, electricity
resistance, torment resistance 1, petrification resistance
a: no special abilities


You were on level 2 of the Dungeon.
You visited 1 branch of the dungeon, and saw 2 of its levels.

You collected 18 gold pieces.

Inventory:

Hand Weapons
 a - a +0 flail (weapon)
 f - a +1 mace of distortion
Missiles
 k - 15 poisoned darts (quivered)
Armour
 b - a +0 scale mail (worn)
 c - a +0 kite shield (worn)
Scrolls
 e - a scroll of noise {unknown}
 g - a scroll of enchant armour {unknown}
Potions
 d - a potion of might
 h - a potion of resistance {unknown}
 i - a potion of curing {unknown}


   Skills:
 + Level 3.6 Fighting
 * Level 2.7 Maces & Flails
 - Level 3.2 Armour
 + Level 3.6 Shields


You had one spell level left.
You didn't know any spells.
Your spell library was empty.

Dungeon Overview and Level Annotations

Branches:
Dungeon (2/15)

Altars:
Beogh


Innate Abilities, Weirdness & Mutations

You are immune to sickness and miasma.
Your stone body is resilient. (AC +2)
You are immune to poison.
You resist negative energy. (rN+)
You are resistant to electric shocks. (rElec)
You are resistant to unholy torment.
You are immune to petrification.


Message History

You thump the adder!
The adder is severely wounded.
The adder bites you but does no damage. You block the kobold's attack.
The adder bites you but does no damage. The kobold hits you but does no damage.
You miss the adder.
The adder is severely wounded.
The adder bites you. You block the adder's attack.
You block the kobold's attack. The adder bites you.
You barely miss the adder.
The adder is severely wounded.
The kobold closely misses you. You block the adder's attack.
The kobold hits you but does no damage. The adder bites you.
You miss the adder.
The adder is severely wounded.
You block the adder's attack. The kobold hits you but does no damage.
You miss the adder.
The adder is severely wounded.
The adder bites you but does no damage. The kobold hits you but does no damage.
The adder bites you but does no damage. You block the kobold's attack.
You closely miss the adder.
The adder is severely wounded.
You block the adder's attack. x2; The kobold hits you but does no damage.
You closely miss the adder.
The adder is severely wounded.
You block the adder's attack.
The kobold hits you with a +0 short sword.
The adder bites you but does no damage. The kobold hits you but does no damage.
You are too injured to fight recklessly!
You are too injured to fight recklessly!
You are too injured to fight recklessly!
You are too injured to fight recklessly!
You closely miss the kobold. The adder bites you.
* * * LOW HITPOINT WARNING * * *
The kobold hits you with a +0 short sword.
* * * LOW HITPOINT WARNING * * *
The adder barely misses you.
It was a potion of brilliance.
You feel clever all of a sudden. The adder bites you.
You die...

######
#...@#
#..SK#
........#
.........
########.
.# .# ..


You could see an adder and a kobold.

Vanquished Creatures
  4 ball pythons (D:1)
  2 bats (D:1)
  3 endoplasms (D:1)
  A giant cockroach (D:1)
  3 hobgoblins (D:1)
  A kobold (D:1)
  2 quokkas (D:1)
  A goblin (D:1)
  3 rats (D:1)
20 creatures vanquished.

Notes
Turn   | Place    | Note
-------+----------+-------------------------------------------
     0 | D:1      | austinbyrn the Gargoyle Fighter began the quest for the
                  | Orb.
     0 | D:1      | Reached XP level 1. HP: 14/14 MP: 1/1
   470 | D:1      | Reached XP level 2. HP: 19/19 MP: 2/2
   909 | D:1      | You fall into a shaft and drop 1 floor!
  1063 | D:1      | Found a faded altar of an unknown god.
  1257 | D:2      | Slain by an adder

Illustrated notes

Levels and vault maps discovered:
D:1:      ebering_hopf_link, layout_loops_corners,
          hellmonk_ecumenical_altar_defaced_shrine
D:2:      layout_basic, chequers_serial_rivers_small_3

Action                   || total
-------------------------++-------
Melee: Flail             ||    62
  Use: Potion            ||     1
Armor: Scale mail        ||    46
Dodge: Dodged            ||    22
Block: Kite shield       ||    34
